 Dungeon Crawl Stone Soup version 0.23-a0-370-gf497b7c (webtiles) character file.

81 MisterFreud the Sneak (level 4, -3/21 HPs)
             Began as a Felid Transmuter on Oct 24, 2018.
             Slain by a worker ant (7 damage)
             ... on level 3 of the Dungeon.
             The game lasted 00:06:29 (2315 turns).

MisterFreud the Sneak (Felid Transmuter)            Turns: 2315, Time: 00:06:29

Health: -3/21      AC:  1    Str:  7    XL:     4   Next: 19%
Magic:  5/8        EV: 18    Int: 14    God:
Gold:   100        SH:  0    Dex: 16    Spells: 1/7 levels left
                                        Lives:  0   Deaths: 1

rFire    . . .     SeeInvis +     - Unarmed
rCold    . . .     Gourm    .   (shield unavailable)
rNeg     . . .     Faith    .   (armour unavailable)
rPois    +         Spirit   .   (helmet unavailable)
rElec    .         Reflect  .   (cloak unavailable)
rCorr    .         Harm     .   (gloves unavailable)
MR       .....                  (boots unavailable)
Stlth    +++.......             (no amulet)
HPRegen  0.07/turn              g - ring of poison resistance
MPRegen  0.11/turn              (no ring)

@: appendage, quick
A: very small, no armour, no weapons or thrown items, stealth, claws 1, fangs 3,
horns 2, see invisible, carnivore, speed 1, shaggy fur 1, slow metabolism 1,
sharp paws
a: End Transformation


You were on level 3 of the Dungeon.
You were very full.
You had grown temporary horns.
You visited 1 branch of the dungeon, and saw 3 of its levels.

You collected 100 gold pieces.

Inventory:

Missiles
 a - 26 arrows
Jewellery
 g - a ring of poison resistance (left paw)
Scrolls
 d - a scroll of fear {unknown}
 f - a scroll of magic mapping {unknown}
 j - 2 scrolls of identify
 k - a scroll of teleportation
Potions
 b - 2 potions of mutation
 e - a potion of degeneration {unknown}
 h - 2 potions of lignification {unknown}
 i - 2 potions of magic {unknown}
 l - a potion of haste
 m - a potion of cancellation {unknown}
 n - 3 potions of brilliance {unknown}
Comestibles
 c - 3 rations


   Skills:
 - Level 3.0 Fighting
 - Level 2.6 Dodging
 - Level 5.1 Stealth
 - Level 3.0 Unarmed Combat
 - Level 2.0 Spellcasting
 + Level 2.1 Transmutations


You had one spell level left.
You knew the following spells:

 Your Spells              Type           Power        Failure   Level  Hunger
a - Beastly Appendage     Tmut           #.....       10%         1    ##.....
b - Sticks to Snakes      Tmut           #.......     14%         2    ###....
c - Spider Form           Tmut/Pois      #.........   41%         3    ####...

Your spell library contained the following spells:

 Spells                   Type           Power        Failure   Level  Hunger
 Ice Form                 Ice/Tmut       #.......     83%         4    #####..
 Blade Hands              Tmut           #.........   95%         5    ######.


Dungeon Overview and Level Annotations

Branches:
Dungeon (3/15)

Altars:
Nemelex Xobeh
Ru


Innate Abilities, Weirdness & Mutations

You cannot wear armour.
You are incapable of wielding weapons or throwing items.
Your paws allow you to move quietly. (Stealth)
You have sharp claws.
You have razor-sharp teeth.
You have supernaturally acute eyesight. (SInv)
You are carnivorous and can eat meat at any time.
You cover ground quickly.
You are covered in fur. (AC +1)
You have a slow metabolism.
Your sharp claws are effective at attacking unaware monsters.
You have a pair of horns on your head.


Message History

Found an escape hatch in the floor.
Found a cyan potion.
You see here a ring mail.
You see here a cyan potion.
Casting: Sticks to Snakes (safe; 14% risk of failure)
Confirm with . or Enter, or press ? or * to list all spells.
You grow a pair of large bovine horns.
The worker ant completely misses you.
You closely miss the worker ant.
Your ball python withers and dies!
The worker ant bites you!
* * * LOW HITPOINT WARNING * * *
Casting: Beastly Appendage (safe; 10% risk of failure)
Confirm with . or Enter, or press ? or * to list all spells.
You create a snake!
You now have 26 arrows.
The worker ant closely misses you.
You scratch the worker ant but do no damage.
The worker ant barely misses you.
You scratch the worker ant.
The worker ant is moderately wounded.
The worker ant bites you!
You die...

#.# #.# # #.# # .
#.#.# #. ##.#.#
#.##..#.####.
#............
#.@S..# #.a.###
#.#o# #.#.# #.#[#
#.#.## #....##
#####.....###
#####...........#


You could see a worker ant, an orc and a friendly ball python.

Vanquished Creatures
  Natasha (twice) (D:2)
  An adder (D:2)
  4 dart slugs
  A leopard gecko (D:2)
  A ball python (D:1)
  7 bats
  2 giant cockroaches
  5 goblins
  5 hobgoblins
  4 jackals (D:1)
  6 kobolds
  A quokka (D:3)
  5 frilled lizards
  4 rats
48 creatures vanquished.

Vanquished Creatures (collateral kills)
  Natasha (D:2)
  An adder (D:2)
2 creatures vanquished.

Grand Total: 50 creatures vanquished

Notes
Turn   | Place    | Note
-------+----------+-------------------------------------------
     0 | D:1      | MisterFreud the Felid Transmuter began the quest for the
                  | Orb.
     0 | D:1      | Reached XP level 1. HP: 9/9 MP: 4/4
    18 | D:1      | Reached skill level 1 in Stealth
    29 | D:1      | Reached skill level 2 in Stealth
   224 | D:1      | Reached XP level 2. HP: 5/12 MP: 4/6
   279 | D:1      | Reached skill level 3 in Stealth
   481 | D:1      | Learned a level 2 spell: Sticks to Snakes
  1018 | D:1      | Reached skill level 4 in Stealth
  1060 | D:1      | Reached XP level 3. HP: 14/15 MP: 4/7
  1262 | D:2      | Found a sacrificial altar of Ru.
  1286 | D:2      | Noticed Natasha
  1317 | D:2      | Learned a level 3 spell: Spider Form
  1326 | D:2      | Killed Natasha
  1326 | D:2      | Reached skill level 5 in Stealth
  1397 | D:2      | Reached XP level 4. HP: 19/19 MP: 8/8
  1498 | D:2      | Found a sparkling altar of Nemelex Xobeh.
  1595 | D:2      | Slain by a hobgoblin
  1596 | D:2      | Reached XP level 3. HP: 0/16 MP: 7/7
  1651 | D:2      | Noticed Natasha
  1660 | D:2      | Killed Natasha
  2084 | D:2      | Noticed Natasha
  2093 | D:2      | Killed Natasha
  2093 | D:2      | Reached XP level 4. HP: 20/20 MP: 3/8
  2315 | D:3      | Slain by a worker ant

Vault maps used:
D:1:      lightli_arrival_statue_moat
D:2:      marbit_many_paths, nrook_mini_vaults, nicolae_ru_awakened_eye,
          uniq_natasha
D:3:      first_ration, serial_park_tiny_2

Skill      XL: |  1  2  3  4 |
---------------+-------------+-----
Stealth        | 2 4 5 |  5.1
Fighting       | 2 3 |  3.0
Dodging        | |  2.6
Unarmed Combat | |  3.0
Spellcasting   | |  2.0
Transmutations | |  2.1

Action                   |  1- 3 |  4- 6 || total
-------------------------+-------+-------++-------
Melee: Unarmed           |   111 |    39 ||   150
       Headbutt          |    15 |     4 ||    19
       Bite              |     2 |     3 ||     5
 Cast: Beastly Appendage |    25 |     9 ||    34
       Sticks to Snakes  |     5 |     5 ||    10
  Use: Scroll            |     4 |       ||     4
 Stab: Sleeping          |     7 |     3 ||    10
  Eat: Chunk             |    14 |     1 ||    15
Armor: Skin              |     6 |       ||     6
Dodge: Dodged            |   110 |    23 ||   133

Table legend:
 A = Non-vault XP
 B = Vault XP
 C = Vault XP percentage of total XP
 D = Non-vault monster count
 E = Vault monster count
 F = Vault count percentage of total count
                 A         B        C        D         E       F
            +---------+---------+-------+---------+---------+-------
      Total |     154 |      28 |  15.4 |      48 |       2 |   4.0
            +---------+---------+-------+---------+---------+-------
        D:1 |      52 |       0 |   0.0 |      28 |       0 |   0.0
        D:2 |      94 |      28 |  23.0 |      17 |       2 |  10.5
        D:3 |       8 |       0 |   0.0 |       3 |       0 |   0.0
            +---------+---------+-------+---------+---------+-------
